[Event "Titled Tuesday Blitz May 9 Early 2023"]
[White "Pranesh M"]
[Black "Fernandez Guillen, Ernesto J."]
[WhiteFideId "35028600"]
[BlackFideId "3512428"]
[WhiteElo "2437"]
[BlackElo "2429"]
[Result "1-0"]
[Round "07"]
[TimeControl "180+2"]
[Date "2023.05.09"]
[WhiteClock "0:00:04"]
[BlackClock "0:00:09"]

1. e4 e5 2. Nf3 Nc6 3. Bc4 g6 4. d4 exd4 5. Nxd4 Bg7 6. Be3 Nge7 7. O-O O-O 8. Nc3 Ne5 9. Be2 d5 10. Bg5 dxe4 11. Nxe4 h6 12. Bf6 Bxf6 13. Nxf6+ Kg7 14. Ne4 Nf5 15. Nxf5+ Bxf5 16. Ng3 Qxd1 17. Nxf5+ gxf5 18. Rfxd1 Rad8 19. f4 Ng6 20. g3 c6 21. Kf2 Kf6 22. a4 Ne7 23. a5 Nd5 24. Ra4 Nc7 25. Rxd8 Rxd8 26. Rb4 Rb8 27. Bf3 Na6 28. Rd4 Ke7 29. Be2 Nc5 30. Rc4 Ne4+ 31. Ke1 Nd6 32. Rc5 f6 33. b3 Kd7 34. Bf3 Rc8 35. Rc3 b6 36. a6 c5 37. Re3 c4 38. Bd5 Rc5 39. Be6+ Kc6 40. b4 Rb5 41. c3 Kc7 42. Kd1 Kc6 43. Kc2 Kc7 44. Kb2 Kc6 45. Ka3 Kc7 46. Ka4 Kc6 47. h3 h5 48. h4 Rd5 49. Bxd5+ Kxd5 50. Re7 Ne4 51. b5 Nxc3+ 52. Kb4 Na2+ 53. Ka3 Nc3 54. Kb4 Na2+ 55. Ka3 Nc3 56. Rh7 Kc5 57. Rxh5 Nxb5+ 58. Kb2 Kb4 59. Rh7 c3+ 60. Kc1 Kc4 61. h5 Nd4 62. Rc7+ Kb3 63. h6 c2 64. h7 Ne2+ 65. Kd2 Nxg3 66. Rc3+ Kb2 67. Rxc2+ Kb1 68. h8=Q Ne4+ 69. Kd3 1-0


[Site "https://www.chess.com"]

[Event "Titled Tuesday Blitz May 9 Early 2023"]
[White "Molina, Roberto Junio Brito"]
[Black "Pranav, V"]
[WhiteFideId "2109450"]
[BlackFideId "25060783"]
[WhiteElo "2376"]
[BlackElo "2515"]
[Result "0-1"]
[Round "07"]
[TimeControl "180+2"]
[Date "2023.05.09"]
[WhiteClock "0:01:39"]
[BlackClock "0:02:13"]

1. d4 Nf6 2. Nf3 e6 3. e3 b6 4. Bd3 Bb7 5. O-O d5 6. Nbd2 Bd6 7. Qe2 Nbd7 8. e4 dxe4 9. Nxe4 Nxe4 10. Bxe4 Bxe4 11. Qxe4 O-O 12. Rd1 h6 13. c4 Re8 14. Be3 e5 15. dxe5 Nxe5 16. c5 Nd7 17. Qc6 Nxc5 18. Bxc5 bxc5 19. Rac1 Qf6 20. Qd5 Qxb2 21. g3 Rab8 22. Kg2 Re2 23. Rf1 Qxa2 24. Qc6 Rbb2 25. Kh3 Rxf2 26. Qe8+ Kh7 27. Qe4+ g6 28. Rxf2 Rxf2 29. Rc4 0-1


[Site "https://www.chess.com"]

[Event "Titled Tuesday Blitz May 9 Early 2023"]
[White "Yuan, Qingyu"]
[Black "Bok, Benjamin"]
[WhiteFideId "8609772"]
[BlackFideId "1017063"]
[WhiteElo "2359"]
[BlackElo "2657"]
[Result "1-0"]
[Round "07"]
[TimeControl "180+2"]
[Date "2023.05.09"]
[WhiteClock "0:00:18"]
[BlackClock "0:00:00"]

1. Nf3 d5 2. d4 Nf6 3. e3 Bf5 4. Bd3 Bg6 5. Ne5 e6 6. O-O Bd6 7. f4 O-O 8. Nxg6 hxg6 9. Nd2 c5 10. c3 Nc6 11. Nf3 Qe7 12. Ng5 Nh7 13. Nf3 f5 14. Bd2 g5 15. fxg5 Nxg5 16. Nxg5 Qxg5 17. e4 Qh4 18. e5 Be7 19. Rf4 Qh7 20. Qf3 cxd4 21. cxd4 g5 22. Rg4 Qh6 23. Rg3 Nxd4 24. Qf4 Nc6 25. h4 Qg7 26. hxg5 Nxe5 27. Bc3 Nxd3 28. Rxd3 Qg6 29. Rh3 Kf7 30. Re1 Rac8 31. Qe5 Rg8 32. Rh6 Qxg5 33. Qxe6+ Kf8 34. Rh2 Bc5+ 35. Kh1 Be7 36. Qxc8+ Kf7 37. Qe6+ Kf8 38. Qxe7+ Qxe7 39. Rxe7 Kxe7 40. Rh7+ Ke6 41. Rxb7 a6 42. Rb6+ Kd7 43. Rxa6 Rg4 44. Kg1 d4 45. Bd2 d3 46. Ra3 Rd4 47. Kf2 f4 48. Kf3 Kc6 49. Rc3+ Kb5 50. b3 Ka6 51. Rc4 Rd5 52. a4 Rd8 53. Rc3 Rd4 54. Kf2 Kb7 55. Kf3 Ka6 56. g3 fxg3 57. Kxg3 Kb7 58. Kf3 Rd8 59. Ke3 Re8+ 60. Kd4 Rd8+ 61. Ke3 Rg8 62. Kxd3 Rd8+ 63. Kc2 Rg8 64. Rd3 Rc8+ 65. Kb2 Rg8 66. Bc3 Rg2+ 67. Rd2 Rg4 68. Rc2 Rh4 69. b4 Rg4 70. Kb3 Rg3 71. b5 Rh3 72. Rd2 Rg3 73. Rd4 Rg1 74. Rb4 Rb1+ 75. Kc4 Rh1 76. Kb3 Rb1+ 77. Bb2 Rh1 78. a5 Rh3+ 79. Ka4 Rh2 80. Ba3 Rh3 81. Rc4 Rh5 82. a6+ Ka8 83. Rc7 Kb8 84. Rd7 Rh3 85. Bb4 Rh1 86. Ka5 Ka8 87. Kb6 Rh6+ 88. Ka5 1-0


[Site "https://www.chess.com"]

[Event "Titled Tuesday Blitz May 9 Early 2023"]
[White "Hasangatin, Ramil"]
[Black "Nguyen, Ngoc Truong Son"]
[WhiteFideId "4122160"]
[BlackFideId "12401110"]
[WhiteElo "2279"]
[BlackElo "2556"]
[Result "0-1"]
[Round "07"]
[TimeControl "180+2"]
[Date "2023.05.09"]
[WhiteClock "0:00:06"]
[BlackClock "0:00:30"]

1. e4 c5 2. Nf3 e6 3. g3 g6 4. d4 Bg7 5. dxc5 b6 6. cxb6 Qxb6 7. c3 Nf6 8. Bd3 Bb7 9. Qe2 h5 10. O-O h4 11. Nxh4 Nc6 12. Nf3 Ng4 13. Na3 Qc5 14. Bf4 Qh5 15. h4 O-O 16. Nc4 d5 17. Nd6 Rab8 18. exd5 exd5 19. Nh2 Nce5 20. Bxe5 Nxe5 21. Qxh5 gxh5 22. Be2 Ba8 23. Rab1 f5 24. Nb5 f4 25. Nd4 Nc4 26. Bxc4 dxc4 27. Nhf3 Be4 28. Rbd1 Rxb2 29. Ng5 Bd3 30. Rfe1 Bxd4 31. cxd4 fxg3 32. fxg3 Rff2 33. d5 Rg2+ 34. Kh1 Rh2+ 35. Kg1 Rbg2# 0-1


[Site "https://www.chess.com"]

[Event "Titled Tuesday Blitz May 9 Early 2023"]
[White "Averjanov, Alexey"]
[Black "Quesada Perez, Yuniesky"]
[WhiteFideId "14109867"]
[BlackFideId "3504409"]
[WhiteElo "2712"]
[BlackElo "2585"]
[Result "1/2-1/2"]
[Round "07"]
[TimeControl "180+2"]
[Date "2023.05.09"]
[WhiteClock "0:00:42"]
[BlackClock "0:00:27"]

1. d4 d5 2. c4 c6 3. e3 Nf6 4. Bd3 e6 5. Nd2 Nbd7 6. Ngf3 Be7 7. O-O O-O 8. e4 dxe4 9. Nxe4 Nxe4 10. Bxe4 Nf6 11. Bc2 c5 12. b3 b6 13. Bb2 Bb7 14. Ne5 cxd4 15. Qxd4 Qxd4 16. Bxd4 Rfd8 17. Rfd1 Kf8 18. Kf1 Ba3 19. f3 h6 20. Ke2 Ke7 21. Bc3 Bc5 22. Rxd8 Rxd8 23. Rd1 Rxd1 24. Bxd1 g5 25. Bc2 Bd6 26. g3 h5 27. b4 g4 28. fxg4 Nxg4 29. Nxg4 hxg4 30. a3 f5 31. Ke3 Bc6 32. Bd4 e5 33. Bc3 f4+ 34. gxf4 exf4+ 35. Kf2 f3 36. Bf5 Bd7 37. Bxd7 Kxd7 38. h3 gxh3 39. Kxf3 Ke6 40. Bd4 Bc7 41. a4 Kf5 42. c5 bxc5 43. Bxc5 a6 44. b5 axb5 45. axb5 h2 46. Kg2 Ke4 47. b6 Bb8 48. Be7 Kd5 49. Bd8 Kc6 50. Kh1 Kb7 51. Bc7 Bxc7 52. bxc7 Kxc7 53. Kxh2 1/2-1/2


[Site "https://www.chess.com"]

[Event "Titled Tuesday Blitz May 9 Early 2023"]
[White "Gurel, Ediz"]
[Black "Hua, Lefong"]
[WhiteFideId "44507356"]
[BlackFideId "2602253"]
[WhiteElo "2352"]
[BlackElo "2710"]
[Result "1-0"]
[Round "07"]
[TimeControl "180+2"]
[Date "2023.05.09"]
[WhiteClock "0:00:07"]
[BlackClock "0:00:04"]

1. d4 Nf6 2. Nf3 g6 3. c4 Bg7 4. Nc3 O-O 5. Bf4 c5 6. d5 e6 7. dxe6 dxe6 8. Qxd8 Rxd8 9. e3 Nc6 10. h3 b6 11. Be2 Bb7 12. O-O Rd7 13. Rfd1 Rad8 14. Rxd7 Rxd7 15. g4 h6 16. Rc1 Kf8 17. Kf1 Ke7 18. Ke1 Ne8 19. Nd1 Nd6 20. Nd2 Na5 21. Nc3 Nc6 22. b3 Nb4 23. a3 Nc6 24. Bf3 Ne5 25. Be2 Ne8 26. Rc2 Nd3+ 27. Bxd3 Rxd3 28. Ne2 g5 29. Bg3 f5 30. Nc1 Rd7 31. f3 Nf6 32. Ke2 h5 33. Be5 Ne8 34. Bxg7 Nxg7 35. Nd3 Kf6 36. Nf2 hxg4 37. hxg4 Ne8 38. Rc1 Rh7 39. Rg1 Rh2 40. Nf1 Rh7 41. Ng3 fxg4 42. Nxg4+ Ke7 43. Kf2 Nf6 44. Ne5 Rh2+ 45. Rg2 Rxg2+ 46. Kxg2 g4 47. e4 gxf3+ 48. Kxf3 Kd6 49. Kf4 Nd7 50. Nxd7 Kxd7 51. Ke5 a6 52. Nh5 Ke7 53. Nf4 Bc8 54. Ng6+ Kf7 55. Nf4 Ke7 56. Nd3 Bd7 57. b4 cxb4 58. Nxb4 a5 59. Nd3 Bc6 60. Nf4 Bd7 61. Ne2 Bc6 62. Nd4 Bd7 63. Nb3 Ba4 64. Nc1 Bc2 65. Kd4 Kd6 66. e5+ Kc6 67. Ne2 Bf5 68. Nc3 Bg4 69. Nb5 Be2 70. Nd6 Bf1 71. Nb5 Be2 72. Nc3 Bf1 73. Ne4 b5 74. cxb5+ Bxb5 75. Nc3 Ba6 76. Ne4 Bb7 77. Nc5 Bc8 78. Kc4 Kb6 79. Na4+ Kc6 80. Nc5 Kb6 81. Nb3 Ba6+ 82. Kd4 Kc6 83. Nxa5+ Kb5 84. Nb3 Bb7 85. a4+ Kb4 86. Nc5 Bd5 87. Nd7 Ka5 88. Kc5 Bb3 89. Nb6 Ka6 90. Nd7 Bxa4 91. Kd6 Kb7 92. Nc5+ Kc8 93. Nxa4 Kd8 94. Nc5 Ke8 95. Kxe6 Kd8 96. Kd6 Ke8 97. e6 Kd8 98. e7+ Ke8 99. Ne6 Kf7 100. Kd7 Kf6 101. e8=Q 1-0


[Site "https://www.chess.com"]

[Event "Titled Tuesday Blitz May 9 Early 2023"]
[White "Seemann, Jakub"]
[Black "Remizov, Yaroslav"]
[WhiteFideId "21874697"]
[BlackFideId "34134015"]
[WhiteElo "2364"]
[BlackElo "2400"]
[Result "1-0"]
[Round "07"]
[TimeControl "180+2"]
[Date "2023.05.09"]
[WhiteClock "0:00:24"]
[BlackClock "0:00:31"]

1. e4 c6 2. d4 d5 3. exd5 cxd5 4. Bd3 Nf6 5. h3 Nc6 6. c3 g6 7. Nf3 Bg7 8. O-O O-O 9. Re1 Bf5 10. Bf1 Ne8 11. Be3 Nd6 12. Nbd2 b5 13. Rc1 Rc8 14. Bf4 b4 15. Nb3 bxc3 16. Rxc3 Ne4 17. Rc1 Qb6 18. Re2 a5 19. Nc5 Nxd4 20. Nxd4 Rxc5 21. Nxf5 gxf5 22. Rxc5 Qxc5 23. Rc2 Qb4 24. Qxd5 e6 25. Qc4 Qe1 26. Be3 Rb8 27. a3 h5 28. Rc1 Nd2 29. Qc2 Qxf1+ 30. Rxf1 Nxf1 31. Kxf1 Rxb2 32. Qc8+ Kh7 33. g3 h4 34. gxh4 Rb3 35. a4 Rb4 36. Qd7 f4 37. Bc5 Rc4 38. Qd3+ 1-0


[Site "https://www.chess.com"]

[Event "Titled Tuesday Blitz May 9 Early 2023"]
[White "Kucuksari, Kaan"]
[Black "Salinas Herrera, Pablo"]
[WhiteFideId "6380166"]
[BlackFideId "3407128"]
[WhiteElo "2364"]
[BlackElo "2546"]
[Result "1/2-1/2"]
[Round "07"]
[TimeControl "180+2"]
[Date "2023.05.09"]
[WhiteClock "0:00:05"]
[BlackClock "0:00:07"]

1. d4 d5 2. Nf3 Nf6 3. Bf4 e6 4. e3 Bd6 5. Bd3 O-O 6. O-O c5 7. c3 Bxf4 8. exf4 Qc7 9. g3 b6 10. Re1 a5 11. a4 Ba6 12. Na3 Bxd3 13. Qxd3 Nc6 14. Nb5 Qb7 15. Ne5 Ne7 16. h4 Ne4 17. Kg2 Nf5 18. Rh1 Rac8 19. g4 Nfd6 20. Nxd6 Nxd6 21. h5 cxd4 22. cxd4 Ne4 23. h6 f6 24. Nf3 g5 25. fxg5 fxg5 26. Rac1 Rxc1 27. Rxc1 Qf7 28. Qe3 Qf6 29. Rc2 Qxh6 30. Ne5 Qh4 31. Re2 Rf4 32. Rc2 Rf8 33. Re2 Kg7 34. Rc2 h5 35. gxh5 Qxh5 36. f3 Nd6 37. Rc7+ Kg8 38. Ng4 Qg6 39. Rc6 Nf5 40. Qxe6+ Qxe6 41. Rxe6 Nxd4 42. Rg6+ Kh7 43. Rxg5 Ne6 44. Re5 Nf4+ 45. Kg3 Kg6 46. Re7 Nh5+ 47. Kg2 Rc8 48. Rb7 Rc2+ 49. Kh3 Rxb2 50. Rd7 Nf4+ 51. Kg3 Ne2+ 52. Kh3 Nc3 53. Rd6+ Kf5 54. Kg3 Rb4 55. Rf6+ Kg5 56. f4+ Rxf4 57. Rxf4 Ne2+ 58. Kf3 Nxf4 59. Ne5 Ne6 60. Nd7 Nc5 61. Nxb6 d4 62. Nc4 Nxa4 63. Nxa5 Kf5 64. Nc6 d3 65. Ke3 Nc5 66. Nb4 Ke5 67. Nxd3+ 1/2-1/2


[Site "https://www.chess.com"]

[Event "Titled Tuesday Blitz May 9 Early 2023"]
[White "Ibarra Jerez, Jose Carlos"]
[Black "Prohaszka, Peter"]
[WhiteFideId "2226332"]
[BlackFideId "726265"]
[WhiteElo "2638"]
[BlackElo "2626"]
[Result "0-1"]
[Round "07"]
[TimeControl "180+2"]
[Date "2023.05.09"]
[WhiteClock "0:01:30"]
[BlackClock "0:01:02"]

1. e4 c6 2. Nf3 d5 3. d3 dxe4 4. dxe4 Qxd1+ 5. Kxd1 Nf6 6. Nbd2 g6 7. Ne5 Be6 8. f3 Bh6 9. c3 Nfd7 10. Nd3 a5 11. a4 Na6 12. Kc2 Nac5 13. f4 Nxd3 14. Bxd3 Bxf4 15. Bc4 Bxd2 16. Bxe6 Bxc1 17. Bxd7+ Kxd7 18. Raxc1 Ke6 19. Rhf1 f6 20. Rcd1 Rhd8 21. Rd4 Rd6 22. Kd3 b5 23. Ra1 Ke5 24. Ke3 Rb8 25. axb5 Rxb5 26. Ra2 Rxd4 27. cxd4+ Kd6 28. Kd3 e5 29. Kc4 Rb4+ 30. Kc3 exd4+ 31. Kd3 a4 32. h4 c5 33. Ra1 Ke5 34. Rc1 c4+ 0-1


[Site "https://www.chess.com"]

[Event "Titled Tuesday Blitz May 9 Early 2023"]
[White "Andreikin, Dmitry"]
[Black "Simonian, Hrair"]
[WhiteFideId "4158814"]
[BlackFideId "13302337"]
[WhiteElo "2736"]
[BlackElo "2447"]
[Result "1/2-1/2"]
[Round "07"]
[TimeControl "180+2"]
[Date "2023.05.09"]
[WhiteClock "0:00:04"]
[BlackClock "0:00:09"]

1. d4 Nf6 2. Bg5 d5 3. Nd2 e6 4. e3 Be7 5. c3 O-O 6. Bd3 Nbd7 7. f4 c5 8. Ngf3 h6 9. Bxf6 Bxf6 10. O-O b5 11. Ne5 b4 12. Qh5 bxc3 13. bxc3 a5 14. Ng4 Ba6 15. Bc2 g6 16. Bxg6 fxg6 17. Qxg6+ Bg7 18. Rf3 Qe8 19. Nxh6+ Kh8 20. Qg5 Bf6 21. Qg4 Be2 22. Raf1 Qe7 23. Nf7+ Rxf7 24. Rh3+ Rh7 25. Rxh7+ Qxh7 26. Qxe2 c4 27. e4 Rg8 28. g3 Rb8 29. e5 Be7 30. f5 Bg5 31. fxe6 Nf8 32. Nf3 Nxe6 33. Nxg5 Nxg5 34. Qg4 Rg8 35. Qf5 Ne4 36. e6 Qxf5 37. Rxf5 Re8 38. Rxd5 Nxc3 39. Rxa5 Ne2+ 40. Kf2 Nxd4 41. Rc5 Ra8 42. Rxc4 Rxa2+ 43. Ke3 Nxe6 44. h4 Kg7 45. g4 Kf6 46. Rc6 Ke5 47. Rb6 Ra3+ 48. Kf2 Nd4 49. h5 Kf4 50. h6 Ra2+ 51. Kf1 Rh2 52. Rf6+ Kg3 53. Ke1 Nf3+ 54. Kd1 Kxg4 55. Kc1 Ng5 56. Rg6 Kf5 57. Ra6 Ne6 58. Ra5+ Kg6 59. Ra6 Re2 60. Kd1 Re5 61. Kd2 Kxh6 62. Kc3 Kg5 63. Ra8 Kf5 64. Rh8 Ng5 65. Rf8+ Ke4 66. Rd8 Ne6 67. Re8 Kd5 68. Re7 Kd6 69. Rh7 Nc5 70. Kc4 Re4+ 71. Kc3 Kd5 72. Rh5+ Kc6 73. Rh6+ Kb5 74. Rh5 Rg4 75. Kd2 Kc4 76. Ke3 Re4+ 77. Kf3 Rd4 78. Ke3 Rd3+ 79. Kf4 Rd8 80. Ke3 Re8+ 81. Kf3 Kd4 82. Rh4+ Ne4 83. Rf4 Re5 84. Rf8 Nc3 85. Rd8+ Nd5 86. Rf8 Re3+ 87. Kf2 Ra3 88. Re8 Rc3 89. Re6 Nf4 90. Re8 Nd3+ 91. Ke2 Ne5 92. Kd2 Rh3 93. Rd8+ Ke4 94. Kc2 Nc6 95. Re8+ Kd4 96. Kd2 Rh2+ 97. Re2 Rh3 98. Re8 Ne5 99. Rd8+ Kc4 100. Ke2 Nc6 101. Rd7 Nd4+ 102. Kf2 Kd3 103. Re7 Rf3+ 104. Kg2 Rf6 105. Re8 Nc2 106. Re7 Ne3+ 107. Kg3 Ke2 108. Kh4 Kf2 109. Kg5 Rf5+ 110. Kg6 Rf3 111. Rf7 Nf5 1/2-1/2


[Site "https://www.chess.com"]

[Event "Titled Tuesday Blitz May 9 Early 2023"]
[White "Rosen, Eric"]
[Black "Kozak, Adam"]
[WhiteFideId "2032562"]
[BlackFideId "753246"]
[WhiteElo "2331"]
[BlackElo "2469"]
[Result "0-1"]
[Round "07"]
[TimeControl "180+2"]
[Date "2023.05.09"]
[WhiteClock "0:00:00"]
[BlackClock "0:01:17"]

1. d4 d5 2. Bf4 Nf6 3. e3 e6 4. Nf3 Bd6 5. Ne5 O-O 6. Nd2 c5 7. c3 Qc7 8. Bd3 a5 9. h4 Nbd7 10. Ndf3 Ne4 11. Qc2 f5 12. Bb5 Nxe5 13. Nxe5 c4 14. f3 Nf6 15. Qf2 a4 16. Bg5 Ra5 17. Bxf6 gxf6 18. Bd7 Bxd7 19. f4 fxe5 20. fxe5 Be7 21. a3 Kh8 22. O-O-O Rg8 23. Qf4 Rg4 24. Qh6 Be8 25. Rdf1 Qd7 26. Rf2 Kg8 27. Rhf1 Bf8 28. Qf6 Bg7 29. Rxf5 Bxf6 30. Rxf6 Bf7 31. h5 Rg5 32. h6 Rf5 33. R1xf5 exf5 34. b4 axb3 0-1


[Site "https://www.chess.com"]

[Event "Titled Tuesday Blitz May 9 Early 2023"]
[White "Ter-Sahakyan, Samvel"]
[Black "Volkov, Maksim"]
[WhiteFideId "13302531"]
[BlackFideId "54123070"]
[WhiteElo "2545"]
[BlackElo "2297"]
[Result "1-0"]
[Round "07"]
[TimeControl "180+2"]
[Date "2023.05.09"]
[WhiteClock "0:00:03"]
[BlackClock "0:00:01"]

1. d4 d5 2. c4 e6 3. Nc3 c6 4. e3 Nf6 5. Nf3 Nbd7 6. Qc2 Bd6 7. g4 h6 8. Rg1 e5 9. cxd5 cxd5 10. Nb5 Bb8 11. Bd2 e4 12. Nh4 O-O 13. Rc1 Nh7 14. Nf5 Ng5 15. Be2 Nf6 16. Qxc8 Qxc8 17. Rxc8 Rxc8 18. Ne7+ Kf8 19. Nxc8 Bxh2 20. Bb4+ Kg8 21. Ne7+ Kh7 22. Rh1 Bb8 23. Nf5 a6 24. Nbd6 Bxd6 25. Bxd6 Ng8 26. Kd2 g6 27. Ng3 Ne6 28. Bd1 Rd8 29. Ba3 Rd7 30. Ne2 Nf6 31. Nf4 Ng5 32. Bf8 Ng8 33. Be2 Rd8 34. Bc5 Kg7 35. a4 Rd7 36. b4 Nf6 37. b5 axb5 38. axb5 Nf3+ 39. Bxf3 exf3 40. Nd3 b6 41. Bb4 Ra7 42. g5 Ne4+ 43. Kc2 hxg5 44. Kb3 g4 45. Rc1 g3 46. fxg3 Nxg3 47. Be1 Ne4 48. Nf2 Nd6 49. Bb4 Nxb5 50. Rc6 Nc7 51. Rxb6 Ne6 52. Rd6 Ra1 53. Rxd5 Rf1 54. Nd3 f2 55. Nxf2 Rxf2 56. Re5 Kf6 57. Bc3 Rf5 58. Re4 Rd5 59. Kc4 Nc7 60. Rf4+ Ke6 61. e4 Rd7 62. d5+ Ke7 63. Bb4+ Ke8 64. Rh4 f5 65. Rh8+ Kf7 66. e5 Rxd5 67. Rh7+ Ke8 68. Rxc7 Rxe5 69. Bc3 Re4+ 70. Kd5 Kf8 71. Be5 g5 72. Ke6 g4 73. Rc8# 1-0


[Site "https://www.chess.com"]

[Event "Titled Tuesday Blitz May 9 Early 2023"]
[White "Martinez Ramirez, Lennis"]
[Black "Chigaev, Maksim"]
[WhiteFideId "3509079"]
[BlackFideId "4108116"]
[WhiteElo "2410"]
[BlackElo "2558"]
[Result "0-1"]
[Round "07"]
[TimeControl "180+2"]
[Date "2023.05.09"]
[WhiteClock "0:00:01"]
[BlackClock "0:00:38"]

1. c4 e5 2. g3 Nc6 3. Bg2 g6 4. Nc3 Bg7 5. Rb1 a5 6. a3 d6 7. b4 axb4 8. axb4 f5 9. d3 Nf6 10. e3 O-O 11. Nge2 g5 12. h4 g4 13. b5 Ne7 14. d4 Be6 15. dxe5 dxe5 16. Qxd8 Raxd8 17. c5 e4 18. Nd4 Kf7 19. Bd2 Nfd5 20. Nce2 Ng6 21. O-O Ne5 22. Rfd1 Nf3+ 23. Bxf3 gxf3 24. Nxe6 Kxe6 25. Nf4+ Nxf4 26. exf4 Rd3 27. Be3 Rfd8 28. Rxd3 Rxd3 29. b6 c6 30. Ra1 Bxa1 0-1


[Site "https://www.chess.com"]

[Event "Titled Tuesday Blitz May 9 Early 2023"]
[White "Demchenko, Anton"]
[Black "Wieczorek, Oskar"]
[WhiteFideId "4160258"]
[BlackFideId "1133950"]
[WhiteElo "2545"]
[BlackElo "2418"]
[Result "1-0"]
[Round "07"]
[TimeControl "180+2"]
[Date "2023.05.09"]
[WhiteClock "0:00:15"]
[BlackClock "0:00:14"]

1. e4 c5 2. Nf3 e6 3. d4 cxd4 4. Nxd4 Nf6 5. Bd3 Nc6 6. Nxc6 bxc6 7. Bf4 d6 8. O-O e5 9. Bg5 Be7 10. c4 Be6 11. Nc3 O-O 12. Qc2 Nd7 13. Bxe7 Qxe7 14. b4 Rfb8 15. Rfb1 a6 16. a4 Nb6 17. Qe2 c5 18. b5 a5 19. Nd1 g6 20. Ne3 Qg5 21. Qc2 h5 22. Rd1 h4 23. Bf1 Rd8 24. Ra3 Rd7 25. Rad3 Qe7 26. h3 Kg7 27. Be2 f5 28. Bf3 f4 29. Nd5 Bxd5 30. Rxd5 Nxd5 31. Rxd5 Rb7 32. Qd2 Rb6 33. Kf1 Qg5 34. Ke2 Qf6 35. Kd3 Qg5 36. Kc3 Qf6 37. Kb3 Qe7 38. Bg4 Qf6 39. Qc3 Qe7 40. Rd3 Ra7 41. Rf3 Qg5 42. Ka3 Ra8 43. Qd2 Kh6 44. Kb3 Ra7 45. Qd1 Ra8 46. Qf1 Ra7 47. Be6 Re7 48. Bd5 Kg7 49. Kc2 Re8 50. Qg1 Qf6 51. Rc3 Rh8 52. Qd1 Qg5 53. Qf3 Rf8 54. Rd3 Rf6 55. Bc6 Kf7 56. Rd2 Ke7 57. Rd1 Rf8 58. Kd3 Rxc6 59. bxc6 Rb8 60. Ke2 Rb6 61. Kf1 Rxc6 62. Qc3 Rc7 63. Qxa5 Rd7 64. Qc3 Qf6 65. a5 Qe6 66. Ra1 Ra7 67. a6 Qd7 68. Qa5 Qc6 69. f3 g5 70. Kg1 Kd7 71. Kh2 Qc7 72. Qb5+ Qc6 73. Qa5 Qc7 74. Qa3 Qc6 75. Qa2 Qb6 76. Kh1 Qc6 77. Kg1 Qb6 78. Qa4+ Qc6 79. Qa5 Qc7 80. Qb5+ Qc6 81. Kf2 Kc7 82. Ke2 Qxb5 83. cxb5 Kb6 84. Rb1 c4 85. Kd2 Rc7 86. Kc3 Rc5 87. Ra1 Rc7 88. a7 Rxa7 89. Rxa7 Kxa7 90. Kxc4 Kb6 91. Kd5 Kxb5 92. Kxd6 Kc4 93. Kxe5 Kd3 94. Kf5 Ke3 95. Kxg5 Kf2 96. Kxh4 Kxg2 97. Kg4 Kf2 98. Kxf4 Kg2 99. e5 Kxh3 100. e6 Kg2 101. e7 Kf2 102. e8=Q Kf1 103. Qe3 Kg2 104. Ke4 Kf1 105. Qd2 Kg1 106. f4 Kh1 107. Kf3 Kg1 108. Qg2# 1-0


[Site "https://www.chess.com"]

[Event "Titled Tuesday Blitz May 9 Early 2023"]
[White "Veiga, Jose Francisco R P Neves"]
[Black "Gharibyan, Mamikon"]
[WhiteFideId "1930087"]
[BlackFideId "13308300"]
[WhiteElo "2320"]
[BlackElo "2445"]
[Result "0-1"]
[Round "07"]
[TimeControl "180+2"]
[Date "2023.05.09"]
[WhiteClock "0:00:00"]
[BlackClock "0:00:05"]

1. e4 d5 2. exd5 Qxd5 3. Nc3 Qd8 4. Bc4 Nf6 5. d4 Bg4 6. Nf3 e6 7. h3 Bxf3 8. Qxf3 c6 9. Be3 Be7 10. O-O-O Nd5 11. Ne4 Nd7 12. g4 b5 13. Bb3 a5 14. c4 bxc4 15. Bxc4 a4 16. a3 Rb8 17. Bf4 Nxf4 18. Qxf4 Nb6 19. Ba2 Nd5 20. Qf3 O-O 21. Kb1 Rb6 22. Ka1 Qc7 23. Rd2 Rfb8 24. Rc1 Qb7 25. Rcc2 Qa6 26. Qd3 Qa5 27. Nc5 Qa7 28. Qc4 Bxc5 29. Qxc5 g6 30. h4 Qc7 31. Bxd5 exd5 32. Qc3 Qh2 33. Qg3 Qh1+ 34. Ka2 Qe4 35. Rxc6 Rb3 36. Qe5 Qh1 37. Rc5 Rxa3+ 0-1


[Site "https://www.chess.com"]

[Event "Titled Tuesday Blitz May 9 Early 2023"]
[White "Mekhitarian, Krikor Sevag"]
[Black "Antal, Gergely"]
[WhiteFideId "2107660"]
[BlackFideId "717312"]
[WhiteElo "2604"]
[BlackElo "2471"]
[Result "1-0"]
[Round "07"]
[TimeControl "180+2"]
[Date "2023.05.09"]
[WhiteClock "0:00:08"]
[BlackClock "0:00:00"]

1. Nf3 d6 2. d4 f5 3. g3 Nf6 4. Bg2 g6 5. b3 Bg7 6. Bb2 O-O 7. O-O a5 8. a4 c6 9. Nbd2 Na6 10. Re1 Ne4 11. e3 Bd7 12. c3 Qb6 13. Qc2 Nxd2 14. Nxd2 d5 15. Ba3 Rfe8 16. Nf3 Rac8 17. Ne5 Bxe5 18. dxe5 Nc5 19. Rab1 Ne4 20. b4 axb4 21. cxb4 Qc7 22. Bb2 Ng5 23. Bc3 Ne6 24. h3 Ra8 25. Ra1 Ra7 26. Qb3 Rea8 27. Rec1 Qd8 28. Bb2 Be8 29. Rd1 Bf7 30. Qc2 Qb6 31. Bc3 Ra6 32. Bf1 R6a7 33. Bg2 Ra6 34. Kh2 Qa7 35. a5 Qb8 36. Kg1 R6a7 37. Qe2 b6 38. g4 fxg4 39. hxg4 bxa5 40. bxa5 Rb7 41. f4 Rb3 42. Qc2 Nc5 43. Bd4 Ne4 44. Rab1 Rxb1 45. Rxb1 Qc8 46. Bf3 Be6 47. g5 Bf5 48. Qa4 Nxg5 49. Rf1 Nxf3+ 50. Rxf3 Be4 51. Rg3 Rb8 52. Kh2 Rb1 53. Rg1 Rxg1 54. Kxg1 Qg4+ 55. Kf2 Qf3+ 56. Ke1 Bd3 57. Kd2 Qe2+ 58. Kc3 Qc2+ 59. Qxc2 Bxc2 60. Kxc2 1-0


[Site "https://www.chess.com"]

[Event "Titled Tuesday Blitz May 9 Early 2023"]
[White "Kravtsiv, Martyn"]
[Black "Kleiman, Jake"]
[WhiteFideId "14113147"]
[BlackFideId "2020041"]
[WhiteElo "2695"]
[BlackElo "2596"]
[Result "1/2-1/2"]
[Round "07"]
[TimeControl "180+2"]
[Date "2023.05.09"]
[WhiteClock "0:00:40"]
[BlackClock "0:00:05"]

1. b3 d5 2. Bb2 Bg4 3. h3 Bh5 4. g4 Bg6 5. Bg2 e6 6. Nf3 Nc6 7. d3 h5 8. e3 hxg4 9. hxg4 Rxh1+ 10. Bxh1 Nh6 11. g5 Nf5 12. Nbd2 Be7 13. e4 dxe4 14. Nxe4 Qd7 15. Qd2 O-O-O 16. O-O-O Rh8 17. Bg2 Bb4 18. c3 Be7 19. Rh1 Rxh1+ 20. Bxh1 Qd8 21. Bg2 Qh8 22. Qe1 Qh5 23. Qh1 b6 24. Kc2 Qxh1 25. Bxh1 Kd7 26. a3 Bh5 27. Bg2 Bg4 28. Bc1 f6 29. gxf6 gxf6 30. Nh2 Bh5 31. Bh3 Bg6 32. Nf3 Ke8 33. Bf4 Kd7 34. a4 a5 35. Nfd2 Nd6 36. f3 Bf5 37. Bxd6 Bxh3 38. Bxe7 Kxe7 39. Kd1 e5 40. Ke2 Be6 41. Ke3 f5 42. Nf2 f4+ 43. Ke2 Bf5 44. Nd1 Nd8 45. Nc4 Nf7 46. Ndb2 Be6 47. Nd2 Nd6 48. Nbc4 Nxc4 49. dxc4 Bf5 50. c5 Be6 51. cxb6 cxb6 52. Kd3 Kd6 53. b4 Kc6 54. Nc4 e4+ 55. fxe4 axb4 56. cxb4 b5 57. axb5+ Kxb5 58. Nd2 Kxb4 59. Kd4 Bc8 60. e5 Bf5 61. Nf3 Kb5 62. Kd5 Kb6 63. Kd6 Kb7 64. Nd4 Bg4 65. Kd5 f3 66. Nxf3 Bxf3+ 67. Kd6 Bg4 68. e6 Bxe6 1/2-1/2


[Site "https://www.chess.com"]

[Event "Titled Tuesday Blitz May 9 Early 2023"]
[White "Ohanyan, Emin"]
[Black "Sourath Biswas"]
[WhiteFideId "13312022"]
[BlackFideId "35091484"]
[WhiteElo "2411"]
[BlackElo "2171"]
[Result "1-0"]
[Round "07"]
[TimeControl "180+2"]
[Date "2023.05.09"]
[WhiteClock "0:00:37"]
[BlackClock "0:00:31"]

1. e4 c6 2. d4 d5 3. Nc3 dxe4 4. Nxe4 Nf6 5. Nxf6+ exf6 6. Bd3 Qxd4 7. Ne2 Qb6 8. O-O Bc5 9. Ng3 Be6 10. c3 O-O 11. Qh5 g6 12. Qh6 Rd8 13. Nh5 gxh5 14. Bxh7+ Kh8 15. Bf5+ Kg8 16. Bxe6 fxe6 17. Qg6+ Kf8 18. Qxf6+ Ke8 19. Qxe6+ Be7 20. Bg5 Qc5 21. Qg8+ Kd7 22. Rad1+ Kc7 23. Rxd8 Qxg5 24. Rc8+ Kb6 25. Qxg5 Bxg5 26. f4 Bf6 27. Re1 1-0


[Site "https://www.chess.com"]